 Dungeon Crawl Stone Soup version 0.29-a0-284-gf9362112df (webtiles) character file.

Game seed: 9007033372942004416

26 sokol815 the Chopper (level 2, -6/26 HPs)
             Began as a Minotaur Berserker on Mar 15, 2022.
             Was a Follower of Trog.
             Killed by nerve-wracking pain
             ... invoked by a shadow imp
             ... summoned by Natasha
              (14 damage)
             ... on level 2 of the Dungeon.
             The game lasted 00:01:07 (1247 turns).

sokol815 the Chopper (Minotaur Berserker)           Turns: 1247, Time: 00:01:08

Health: -6/26      AC:  3    Str: 21    XL:     2   Next: 89%
Magic:  1/1        EV: 11    Int:  4    God:    Trog [*.....]
Gold:   65         SH:  0    Dex:  9    Spells: 1/1 levels left

rFire   . . .      SeeInvis .   a - +0 hand axe
rCold   . . .      Faith    .   (no shield)
rNeg    . . .      Spirit   .   h - +0 leather armour
rPois   .          Reflect  .   (helmet restricted)
rElec   .          Harm     .   (no cloak)
rCorr   .          Rampage  .   (no gloves)
Will    .....                   (no boots)
Stlth   +.........              (no amulet)
HPRegen 0.08/turn               (no ring)
MPRegen 0.07/turn               (no ring)

@: no status effects
A: horns 2, retaliatory headbutt
a: Renounce Religion, Berserk


You were on level 2 of the Dungeon.
You worshipped Trog.
Trog was aware of your devotion.
You visited 1 branch of the dungeon, and saw 2 of its levels.

You collected 65 gold pieces.

Inventory:

Hand Weapons
 a - a +0 hand axe (weapon)
 i - a +0 short sword of holy wrath
   (You took it off a kobold on level 1 of the Dungeon)
Missiles
 k - a throwing net {!d}
 m - 6 poisoned darts
 s - 16 stones
Armour
 b - a +0 animal skin
 h - a +0 leather armour (worn)
   (You found it on level 1 of the Dungeon)
Scrolls
 c - a scroll of vulnerability {unknown}
 e - a scroll of noise {unknown}
 g - a scroll of blinking {unknown}
 j - a scroll of identify {unknown}
Potions
 d - a potion of heal wounds {unknown}
 f - a potion of curing {unknown}
 l - a potion of degeneration {unknown}


   Skills:
 - Level 3.6 Fighting
 + Level 5.0 Axes
 - Level 2.4 Armour
 - Level 2.1 Dodging


You had one spell level left.
You didn't know any spells.
Your spell library was empty.

Dungeon Overview and Level Annotations

Branches:
Dungeon (2/15)

Altars:

Annotations:
D:2 Natasha


Innate Abilities, Weirdness & Mutations

You have a pair of horns on your head.
You reflexively headbutt those who attack you in melee.


Message History

The hobgoblin hits you but does no damage.
You hit the hobgoblin.
You kill the hobgoblin!
Trog accepts your kill.
No target in view!
No target in view!
You open the door.
There is an open door here.
There is an open door here.
You open the door.
There is an open door here.
j - a scroll labelled KYTZU DYANK
k - a throwing net {!d}
Found a stone staircase leading down.
There is a stone staircase leading down here.
A kobold comes into view. It is wielding a +0 dagger.
The kobold shouts!
You closely miss the kobold. You headbutt the kobold.
You kill the kobold!
Trog accepts your kill.
No target in view!
No target in view!
Things that are here:
a +0 dagger; a kobold corpse You see here a +0 robe.
Done exploring.
(D) Dungeon
Where to? (? - help)
You open the door.
There is an open door here.
There is a stone staircase leading down here.
You climb downwards.
There is a stone staircase leading up here.
Found a stone staircase leading down.
l - a fuming pink potion You now have 65 gold pieces (gained 10).
A rat comes into view.
You see here 11 gold pieces.
A rat is nearby!
A ball python comes into view.
The rat misses you.
You slash the rat!
You kill the rat!
Trog accepts your kill. The ball python bites you. The ball python grabs you.
The ball python constricts you.
You take 1 damage, and have 25/26 hp.
You hit the ball python.
You kill the ball python!
Trog accepts your kill.
No target in view!
No target in view!
A giant cockroach comes into view.
You see here a rat corpse.
Health restored: 26 An endoplasm comes into view.
The endoplasm quivers.
You hit the giant cockroach.
You kill the giant cockroach!
Trog accepts your kill.
Your Axes skill increases to level 5!
You hit the endoplasm but do no damage.
The endoplasm jiggles.
The endoplasm freezes you.
You are frozen.
You take 4 damage, and have 22/26 hp.
You hit the endoplasm. The endoplasm closely misses you.
You hit the endoplasm.
You kill the endoplasm!
Trog accepts your kill.
No target in view!
No target in view!
Natasha, Servant of Life and Death comes into view.
Natasha hisses angrily.
Natasha mumbles some strange words.
Health restored: 26
m - 6 poisoned darts You see here a giant cockroach corpse.
Natasha casts a spell at you. You resist with significant effort.
Natasha claws you.
You take 3 damage, and have 23/26 hp.
You closely miss Natasha. You headbutt Natasha! Natasha claws you.
You take 5 damage, and have 18/26 hp.
You barely miss Natasha. Natasha claws you!
You take 9 damage, and have 9/26 hp.
MASSIVE DAMAGE!!
You barely miss Natasha. You hit the shadow imp.
The shadow imp gestures at you. Pain shoots through your body!
Natasha casts a spell at you. You resist with significant effort.
You take 1 damage, and have 8/26 hp.
Unknown command.
You slash Natasha! You hit the shadow imp. The shadow imp gestures at you.
Pain shoots through your body!
Ouch! That really hurt!
You die...

..<#.##..# #..#
####.# #..# #..#
.....# #..#..#
####.# #...#
#.######†######
#....$...†....##
###########†.?.#
#...5## #..@h.#
#...#.# #...#.#
#...# h #...# #
#../# #...#
#..$#


You could see Natasha and a shadow imp (summoned).

Vanquished Creatures
  A dart slug (D:1)
  3 ball pythons
  4 bats (D:1)
  An endoplasm (D:2)
  2 giant cockroaches
  2 hobgoblins (D:1)
  2 jackals (D:1)
  A quokka (D:1)
  2 frilled lizards (D:1)
  3 kobolds (D:1)
  2 rats
23 creatures vanquished.

Notes
Turn   | Place    | Note
-------+----------+-------------------------------------------
     0 | D:1      | sokol815 the Minotaur Berserker began the quest for the
                  | Orb.
     0 | D:1      | Reached XP level 1. HP: 19/19 MP: 0/0
    91 | D:1      | Reached skill level 4 in Axes
   174 | D:1      | Reached XP level 2. HP: 22/26 MP: 1/1
   629 | D:1      | Found a faded altar of an unknown god.
  1192 | D:2      | Reached skill level 5 in Axes
  1239 | D:2      | Noticed Natasha
  1247 | D:2      | Killed from afar by a shadow imp

Illustrated notes

Levels and vault maps discovered:
D:1:      dpeg_arrival_round_c, layout_loops_corners,
          hellmonk_ecumenical_altar_prayer_group, minmay_ruptured
D:2:      minmay_diamond_boxcup, layout_basic, serial_shops,
          nicolae_shop_hallway_stairs, shop, grunt_ministairs_11, uniq_natasha

Skill      XL: |  1  2 |
---------------+-------+-----
Axes           | 4 5 |  5.0
Fighting       | |  3.6
Armour         | |  2.4
Dodging        | |  2.1

Action                   || total
-------------------------++-------
Melee: Hand axe          ||    37
       Headbutt          ||     5
Throw: Stone             ||    19
Armor: Animal skin       ||     5
       Leather armour    ||     2
Dodge: Dodged            ||    16

Table legend: (Time is in decaauts)
 A = Elapsed time spent in this place.
 B = Non-inter-level travel time spent in this place.
 C = Inter-level travel time spent in this place.
 D = Time resting spent in this place.
 E = Time spent auto-exploring this place.
 F = Levels seen in this place.
 G = Mean time per level.
                   A        B        C        D        E       F      G
               +--------+--------+--------+--------+--------+-----+--------+
         Total |   1251 |   1233 |     18 |      0 |   1099 |   2 |  625.5 |
       Dungeon |   1251 |   1233 |     18 |      0 |   1099 |   2 |  625.5 |
               +--------+--------+--------+--------+--------+-----+--------+

Top non-repeatable levels by time:
     D:1: 1157 daAuts
     D:2: 94 daAuts

Table legend:
 A = Kills in this place as a percentage of kills in entire the game.
 B = Kills by you in this place as a percentage of kills by you in the entire game.
 C = Kills by friends in this place as a percentage of kills by friends in the entire game.
 D = Other kills in this place as a percentage of other kills in the entire game.
 E = Experience gained in this place as a percentage of experience gained in the entire game.
 F = Experience gained in this place divided by the number of levels of this place that you have seen.
                   A       B       C       D       E      F
               +-------+-------+-------+-------+-------+----------------------
         Total | 100.0 | 100.0 |   N/A |   N/A | 100.0 |  19.0
       Dungeon | 100.0 | 100.0 |   N/A |   N/A | 100.0 |  19.0
               +-------+-------+-------+-------+-------+----------------------
